 Dungeon Crawl Stone Soup version 0.31-a0-536-ga3e2962e35 (webtiles) character file.

Game seed: 5402074307765046217

66 Ethylacetat the Ducker (level 4, 0/30 HPs)
             Began as an Octopode Gladiator on Aug 13, 2023.
             Slain by a goblin
             ... wielding a +0 dagger
              (2 damage)
             ... on level 3 of the Dungeon.
             The game lasted 00:02:04 (1326 turns).

Ethylacetat the Ducker (Octopode Gladiator)         Turns: 1326, Time: 00:02:05

Health: 0/30       AC:  1    Str: 13    XL:     4   Next: 15%
Magic:  4/4        EV: 14    Int: 10    God:
Gold:   104        SH:  0    Dex: 15    Spells: 3/3 levels left

rFire   . . .        a - +0 rapier
rCold   . . .        (no shield)
rNeg    . . .        b - melded +0 hat
rPois   .            (no amulet)
rElec   .            m - ring of resist corrosion
rCorr   +            (no ring)
SInv    .            (no ring)
Will    .....        (no ring)
Stlth   +++          (no ring)
HPRegen 0.25/turn    (no ring)
MPRegen 0.09/turn    (no ring)
                     (no ring)

%: no passive effects
@: lethally poisoned (0 -> -2), beast-form
A: beast (slay +0), almost no armour, amphibious, 8 rings, camouflage 1,
gelatinous body 1, (nimble swimmer 1), tentacles
a: Begin Untransformation


You were on level 3 of the Dungeon.
You were a hulking beast.
You visited 1 branch of the dungeon, and saw 3 of its levels.

You collected 104 gold pieces.

Inventory:

Hand Weapons
 a - a +0 rapier (weapon)
Missiles
 c - 3 throwing nets (quivered)
 d - a javelin
Armour
 b - a +0 hat (melded)
Jewellery
 m - a ring of resist corrosion (left tentacle)
Talismans
 j - a beast talisman (active)
 l - a serpent talisman
Scrolls
 g - a scroll of identify {unknown}
 h - a scroll of enchant weapon {unknown}
 k - a scroll of teleportation {unknown}
Potions
 e - a potion of heal wounds {unknown}
 f - 2 potions of curing {unknown}
 i - a potion of ambrosia {unknown}


   Skills:
 + Level 2.8 Fighting
 - Level 3.0 Short Blades
 - Level 2.0 Throwing
 + Level 3.5 Dodging
 + Level 2.5 Stealth
 * Level 1.0 Shapeshifting


You had 3 spell levels left.
You didn't know any spells.
Your spell library contained the following spells:

 Spells                   Type           Power      Damage    Failure   Level
 Freeze                   Ice            0%         1d3       36%         1
 Magic Dart               Conj           0%         1d3       36%         1
 Call Imp                 Summ           0%         N/A       50%         2
 Lesser Beckoning         Tloc           0%         N/A       50%         2
 Frozen Ramparts          Ice            0%         1d1       75%         3
 Gell's Gravitas          Tloc           0%         N/A       75%         3
 Hailstorm                Conj/Ice       0%         3d3       75%         3
 Mephitic Cloud           Conj/Pois/Air  0%         N/A       75%         3
 Teleport Other           Tloc           0%         N/A       75%         3


Dungeon Overview and Level Annotations

Branches:
Dungeon (3/15)

Altars:
Ru


Innate Abilities, Weirdness & Mutations

You are a hulking beast.
Your limbs bulge with bestial killing power. (Slay +0)
You cannot wear most types of armour.
You are amphibious.
You can wear up to eight rings at the same time.
Your skin changes colour to match your surroundings (Stealth+).
Your rubbery body absorbs attacks. (AC +1, EV +1)
((You are camouflaged when in or above water. (Stealth+)))
You have tentacles for arms and can constrict up to eight enemies at once.


Message History

Found a stone staircase leading down.
You hit the quokka. Your grab misses the quokka.
The quokka is heavily wounded.
The quokka barely misses you.
You closely miss the quokka. Your grab misses the quokka.
The quokka is heavily wounded.
The quokka closely misses you.
You closely miss the quokka. You grab the quokka. You squeeze the quokka.
The quokka is almost dead.
You constrict the quokka.
You kill the quokka!
The goblin shouts!
The adder hisses angrily.
The goblin hits you with a +0 dagger.
There is a shaft here.
You miss the goblin. Your grab misses the goblin.
Your squeeze misses the goblin. The goblin hits you with a +0 dagger.
You hit the adder. You grab the adder.
The adder is lightly wounded.
You constrict the adder, but do no damage.
The adder bites you.
You are poisoned.
The adder poisons you! The goblin misses you. The adder barely misses you.
The goblin misses you. The goblin hits you but does no damage.
You hit the adder. You squeeze the adder.
You kill the adder!
You feel sick.
The goblin hits you with a +0 dagger. x2
* * * LOW HITPOINT WARNING * * *
Your Shapeshifting skill increases to level 1!
You have reached level 4!
You hit the goblin but do no damage. You grab the goblin.
You constrict the goblin.
You kill the goblin!
You feel sick. The goblin hits you with a +0 dagger.
* * * LOW HITPOINT WARNING * * *
You hit the goblin. You grab the goblin. Your squeeze misses the goblin.
The goblin is heavily wounded.
You constrict the goblin.
* * * LOW HITPOINT WARNING * * *
You feel sick. The goblin hits you with a +0 dagger.
You die...

.......#.....#..... .#.
..#....#........... ..
....$..#......#....
.##.. #..:.............
..... #.#......#......
....>.###$#.P.##.#.#..#.
...#.?#...#.P.##........
..........#.P...........
#.....h....P.....g.....
#....).g.#...########..
#................ #..
#..........._....? ##.
......<............####.
.#......................
#....../.#.P.########.#
.........#.P.# ####... .
#......


You could see a goblin.

Vanquished Creatures
  2 adders
  A worm (D:3)
  A dart slug (D:1)
  3 ball pythons
  2 endoplasms (D:1)
  A giant cockroach (D:1)
  3 goblins
  5 hobgoblins
  4 jackals (D:2)
  3 quokkas
  8 bats
  2 frilled lizards (D:1)
  3 kobolds
  2 rats
40 creatures vanquished.

Notes
Turn   | Place    | Note
-------+----------+-------------------------------------------
     0 | D:1      | Ethylacetat the Octopode Gladiator began the quest for the
                  | Orb.
     0 | D:1      | Reached XP level 1. HP: 14/14 MP: 1/1
   100 | D:1      | Reached skill level 1 in Stealth
   116 | D:1      | Reached XP level 2. HP: 18/19 MP: 2/2
   300 | D:1      | Found a faded altar of an unknown god.
   754 | D:1      | Reached XP level 3. HP: 25/25 MP: 3/3
  1272 | D:3      | Found a sacrificial altar of Ru.
  1325 | D:3      | Reached skill level 1 in Shapeshifting
  1325 | D:3      | Reached XP level 4. HP: 7/30 MP: 4/4
  1326 | D:3      | Slain by a goblin

Illustrated notes

Levels and vault maps discovered:
D:1:      minmay_arrival_stair_chambers, layout_loops_corners,
          chequers_ecumenical_altar_simple, minmay_split_cup_small
D:2:      layout_rooms, minmay_crystal_room
D:3:      layout_rooms, marbit_many_paths, mainiacjoe_overflow_paths,
          mainiacjoe_overflow_boulevard

Skill      XL: |  1  2  3 |
---------------+----------+-----
Stealth        | 1 2 |  2.5
Shapeshifting  | 1 |  1.0
Fighting       | |  2.8
Short Blades   | |  3.0
Throwing       | |  2.0
Dodging        | |  3.5

Action                     |  1- 3 |  4- 6 || total
---------------------------+-------+-------++-------
  Melee: Rapier            |    70 |     2 ||    72
         Constrict         |    17 |     2 ||    19
         Tentacles         |    13 |       ||    13
         Punch             |     2 |       ||     2
   Stab: Sleeping          |    12 |       ||    12
 Armour: Skin              |     7 |       ||     7
  Dodge: Dodged            |    59 |       ||    59
   Form: Beast             |     1 |       ||     1

Table legend: (Time is in decaauts)
 A = Elapsed time spent in this place.
 B = Non-inter-level travel time spent in this place.
 C = Inter-level travel time spent in this place.
 D = Time resting spent in this place.
 E = Time spent auto-exploring this place.
 F = Levels seen in this place.
 G = Mean time per level.
                   A        B        C        D        E       F      G
               +--------+--------+--------+--------+--------+-----+--------+
         Total |   1328 |   1296 |     32 |      0 |   1034 |   3 |  442.7 |
       Dungeon |   1328 |   1296 |     32 |      0 |   1034 |   3 |  442.7 |
               +--------+--------+--------+--------+--------+-----+--------+

Top non-repeatable levels by time:
     D:1: 855 daAuts
     D:2: 382 daAuts
     D:3: 90 daAuts
